 Dungeon Crawl Stone Soup version 0.21-a0-510-g5070ee8bc0 (webtiles) character file.

201 Rani the Caller (level 5, -1/28 HPs)
             Began as a Deep Elf Summoner on Dec 1, 2017.
             Slain by a quasit (3 damage)
             ... summoned by Eustachio
             ... on level 4 of the Dungeon.
             The game lasted 00:21:31 (3041 turns).

Rani the Caller (Deep Elf Summoner)                 Turns: 3041, Time: 00:21:32

Health: -1/28      AC:  2    Str:  5    XL:     5   Next: 50%
Magic:  6/14       EV: 13    Int: 26    God:
Gold:   59         SH:  0    Dex: 15    Spells: 3/13 levels left

rFire    . . .     SeeInvis .   h - +0 dagger
rCold    . . .     Gourm    .   (no shield)
rNeg     . . .     Faith    .   a - +0 robe
rPois    .         Spirit   .   (no helmet)
rElec    .         Reflect  .   (no cloak)
rCorr    .         Harm     .   (no gloves)
MR       .....                  (no boots)
Stlth    ++........             (no amulet)
HPRegen  0.09/turn              (no ring)
MPRegen  0.14/turn              (no ring)

@: brilliant
A: no striking features
a: no special abilities


You were on level 4 of the Dungeon.
You were hungry.

You visited 1 branch of the dungeon, and saw 5 of its levels.

You collected 59 gold pieces.

Inventory:

Hand Weapons
 d - a +0 dagger
 h - a +0 dagger (weapon)
 i - a cursed -2 dagger
 j - a +0 dagger
 k - a cursed -1 dagger
Missiles
 o - 19 poisoned needles
Armour
 a - a +0 robe (worn)
Scrolls
 e - a scroll of fog {unknown}
 g - 3 scrolls of remove curse {unknown}
 r - 2 scrolls of magic mapping {unknown}
 t - a scroll of teleportation {unknown}
Potions
 f - a potion of cancellation {unknown}
 l - a potion of curing {unknown}
 q - a potion of brilliance
 s - a potion of mutation {unknown}
Books
 b - a book of Callings

   Spells                             Type                      Level
   a - Summon Small Mammal            Summoning                    1
   b - Call Imp                       Summoning                    2
   c - Call Canine Familiar           Summoning                    3
   d - Summon Guardian Golem          Hexes/Summoning              3
   e - Summon Lightning Spire         Summoning/Air                4
   f - Summon Ice Beast               Ice/Summoning                4
Comestibles
 n - a meat ration
 p - 5 royal jellies


   Skills:
 + Level 0.2 Fighting
 + Level 0.6 Short Blades
 + Level 3.0 Dodging
 + Level 3.1 Stealth
 + Level 4.9 Spellcasting
 + Level 6.1 Summonings


You had 3 spell levels left.
You knew the following spells:

 Your Spells              Type           Power        Failure   Level  Hunger
a - Summon Small Mammal   Summ           ####         1%          1    None
b - Call Imp              Summ           ######..     1%          2    None
c - Call Canine Familiar  Summ           ######..     1%          3    ##.....
d - Summon Lightning Spi  Summ/Air       #####...     2%          4    ####...


Dungeon Overview and Level Annotations

Branches:
Dungeon (5/15)
 Temple: D:4-7

Altars:

Annotations:
D:4 Eustachio


Message History

Your white imp hits Eustachio.
Your white imp freezes Eustachio.
The river rat bites you!
Your white imp completely misses the phantom.
Your hound barely misses the river rat.
The quasit bites you. The quasit closely misses you. The quasit misses you.
Eustachio mumbles some strange words.
Eustachio blinks!
Your hound bites the river rat but does no damage.
Your white imp hits the iron imp.
Your white imp freezes the iron imp.
The iron imp resists.
The river rat bites you!
* * * LOW HITPOINT WARNING * * *
The quasit bites you.
* * * LOW HITPOINT WARNING * * *
The quasit closely misses you.
The quasit claws you but does no damage.
It was a potion of brilliance.
You feel clever all of a sudden.
Your hound bites the river rat but does no damage.
The quasit bites you.
You die...

#########†##############
####†#######
#..........#
#..........#
#@5§.......#
#..5.......#
#.rh.......#
#.5r........
#.@W)5......
#...........
#...........
##########.# .#


You could see Eustachio, a phantom, an iron imp, a quasit, a river rat, a rat, a
friendly hound and 2 friendly white imps.

Vanquished Creatures
  2 adders (D:2)
  A worm (D:4)
  2 dart slugs
  An orc (D:4)
  A goblin (D:2)
  2 hobgoblins (D:1)
  2 kobolds
  A quokka (D:4)
  A bat (D:2)
  2 frilled lizards
  A rat (D:2)
16 creatures vanquished.

Vanquished Creatures (collateral kills)
  A phantom (D:3)
  A howler monkey (D:4)
  2 hounds (D:4)
  2 worker ants (D:4)
  A hound zombie (D:5)
  An adder (D:5)
  A worm (D:2)
  A dart slug (D:1)
  2 leopard geckos
  4 orcs (D:4)
  5 bats
  A giant cockroach (D:2)
  6 goblins
  4 hobgoblins
  8 jackals (D:2)
  2 ball pythons
  4 frilled lizards
  2 kobolds (D:2)
  A rat (D:1)
49 creatures vanquished.

Grand Total: 65 creatures vanquished

Notes
Turn   | Place    | Note
-------+----------+-------------------------------------------
     0 | D:1      | Rani the Deep Elf Summoner began the quest for the Orb.
     0 | D:1      | Reached XP level 1. HP: 10/10 MP: 6/6
   483 | D:1      | Reached XP level 2. HP: 9/15 MP: 8/8
   495 | D:1      | Learned a level 2 spell: Call Imp
   877 | D:1      | Reached skill level 5 in Summonings
  1065 | D:2      | Reached XP level 3. HP: 19/19 MP: 8/10
  1681 | D:3      | Noticed a phantom
  1979 | D:3      | Killed a phantom
  1979 | D:3      | Reached XP level 4. HP: 18/24 MP: 8/12
  1982 | D:3      | Noticed a sky beast
  2274 | D:4      | Learned a level 3 spell: Call Canine Familiar
  2465 | D:4      | Reached XP level 5. HP: 23/28 MP: 8/13
  2466 | D:4      | Noticed a phantom
  2547 | D:4      | Noticed Eustachio
  2554 | D:5      | Entered Level 5 of the Dungeon
  2775 | D:5      | Learned a level 4 spell: Summon Lightning Spire
  2889 | D:4      | Reached skill level 6 in Summonings
  3041 | D:4      | Slain by a quasit

Vault maps used:
D:1:      dpeg_arrival_more_subterranean_lakeside_camping,
          kennysheep_nondescript
D:3:      trog_book
D:4:      grunt_dithmenos_shadows, first_bread, grunt_decor_cap,
          uniq_crazy_yiuf_cottage, uniq_eustachio
D:5:      nicolae_overflow_hidden_temple, marbit_many_paths,
          lemuel_crystal_altar, minmay_temple_entry_statues_fountains,
          corexii_checkpoint_b

Skill      XL: |  1  2  3  4  5 |
---------------+----------------+-----
Summonings     | 5 6 |  6.1
Stealth        | 3 |  3.1
Spellcasting   | 4 |  4.9
Dodging        | 3 |  3.0
Fighting       | |  0.2
Short Blades   | |  0.6

Action                   |  1- 3 |  4- 6 || total
-------------------------+-------+-------++-------
Melee: Dagger            |    55 |    23 ||    78
       Unarmed           |     6 |       ||     6
 Cast: Summon Small Mamm |    21 |       ||    21
       Call Imp          |    22 |    16 ||    38
       Call Canine Famil |       |    13 ||    13
  Use: Potion            |       |     1 ||     1
 Stab: Sleeping          |     5 |     1 ||     6
  Eat: Chunk             |     3 |       ||     3
       Bread ration      |       |     1 ||     1
Armor: Robe              |    17 |     6 ||    23
Dodge: Dodged            |    55 |    26 ||    81

Table legend:
 A = Spawn XP
 B = Non-spawn XP
 C = Spawn XP percentage of total XP
 D = Spawn monster count
 E = Non-spawn monster count
 F = Spawn count percentage of total count
 G = Total turns spent on level
                    A         B        C        D         E        F      G
               +---------+---------+-------+---------+---------+-------+---------
         Total |       0 |     288 |   0.0 |       0 |      65 |   0.0 |  3041
               +---------+---------+-------+---------+---------+-------+---------
           D:1 |       0 |      25 |   0.0 |       0 |      18 |   0.0 |  1015
           D:2 |       0 |      52 |   0.0 |       0 |      26 |   0.0 |   882
           D:3 |       0 |      63 |   0.0 |       0 |       3 |   0.0 |   128
           D:4 |       0 |     127 |   0.0 |       0 |      15 |   0.0 |   737
           D:5 |       0 |      21 |   0.0 |       0 |       3 |   0.0 |   279
               +---------+---------+-------+---------+---------+-------+---------
